cohdb
Replays
Latest Replays
All Replays
Popular Replays
Top Player Replays
Match Explorer
How It Works
Community
CoH3 Stats
Reddit
Sign in to upload your games and track your stats! →
Sign in with Steam
Match 23782289
Unlisted
Match 23782289
Overview
Messages
Build Orders
End
Construct Infanterie Kompanie
Selects Breakthrough Battlegroup
Selects Assault Grenadiers
MG 42 Machine Gun Team
MG 42 Machine Gun Team
Grenadier Squad
Grenadier Squad
Construct Panzergrenadier Kompanie
Panzergrenadier Squad
Support Elements
Selects Rapid Production
Selects Smoke Bombing Run
StuG III G Assault Gun
Nebelwerfer 42 Rocket Launcher Team
Selects Incendiary Bombing Run
Pioneer Squad
Incendiary Bombing Run
Panzergrenadier Squad
StuG III G Assault Gun
Incendiary Bombing Run
Pioneer Squad
Pak 40 Anti-tank Gun Team
Selects Blitzkrieg
Incendiary Bombing Run
Selects Tiger Heavy Tank
Tiger Heavy Tank
Pioneer Squad
Incendiary Bombing Run
Nebelwerfer 42 Rocket Launcher Team
Pioneer Squad
Incendiary Bombing Run
Incendiary Bombing Run
Tiger Heavy Tank
Incendiary Bombing Run
StuG III G Assault Gun
StuG III G Assault Gun
StuG III G Assault Gun
Incendiary Bombing Run
Smoke Bombing Run
Incendiary Bombing Run
StuG III G Assault Gun
StuG III G Assault Gun
StuG III G Assault Gun
Incendiary Bombing Run
HellCeaser
Derox
SneaKerz
gb_gbg
0
0
Comments
sign in to comment!
No comments posted yet!